 Seeded DCSS version 0.29.1-1-gd02db6906a (webtiles) character file.

Game seed: 12185579228676262209 (custom seed)

140 mathmaestro the Grave Robber (level 5, 0/38 HPs)
             Began as a Demonspawn Necromancer on Sept 19, 2022.
             Frozen to death by an endoplasm (2 damage)
             ... on level 3 of the Dungeon.
             The game lasted 00:04:52 (2776 turns).

mathmaestro the Grave Robber (DsNe)                 Turns: 2776, Time: 00:04:52

Health: 0/38       AC:  4    Str:  6 (8)  XL:     5   Next: 2%
Magic:  9/9        EV: 11    Int: 16 (18) God:
Gold:   188        SH:  0    Dex: 13 (14) Spells: 1/9 levels left

rFire   . . .      SeeInvis .   d - +0 dagger
rCold   . . .      Faith    .   (no shield)
rNeg    . . .      Spirit   .   n - +1 leather armour {rPois}
rPois   +          Reflect  .   (no helmet)
rElec   .          Harm     .   (no cloak)
rCorr   .          Rampage  .   (no gloves)
Will    .....                   (no boots)
Stlth   ++........              l - amulet of magic regeneration
HPRegen 0.12/turn               (no ring)
MPRegen 0.62/turn               (no ring)

@: attractive
A: hooves 2, magic regeneration
a: no special abilities


You were on level 3 of the Dungeon.
You visited 1 branch of the dungeon, and saw 3 of its levels.

You collected 188 gold pieces.

Inventory:

Hand Weapons
 d - a +0 dagger (weapon)
Missiles
 j - 4 boomerangs
Armour
 n - a +1 leather armour of poison resistance (worn)
Jewellery
 l - an amulet of magic regeneration (around neck)
Wands
 m - a wand of light (6)
Scrolls
 f - 3 scrolls of identify {unknown}
 g - a scroll of enchant weapon {unknown}
 k - 3 scrolls of enchant armour {unknown}
Potions
 b - a potion of magic
 c - a potion of attraction
 e - a potion of degeneration
 h - a potion of invisibility {unknown}


   Skills:
 + Level 2.0 Fighting
 + Level 1.6 Armour
 - Level 2.0 Dodging
 - Level 2.0 Stealth
 + Level 2.9 Spellcasting
 + Level 5.1 Necromancy


You had one spell level left.
You knew the following spells:

 Your Spells              Type           Power      Damage    Failure   Level
a - Necrotise             Necr           72%        1d7       3%          1
b - Vampiric Draining     Necr           18%        2d7       11%         3
c - Animate Dead          Necr           18%        N/A       34%         4

Your spell library contained the following spells:

 Spells                   Type           Power      Damage    Failure   Level
 Agony                    Necr           18%        N/A       67%         5


Dungeon Overview and Level Annotations

Branches:
Dungeon (3/15)

Altars:


Innate Abilities, Weirdness & Mutations

You have hoof-like feet.
You regenerate magic rapidly.


Message History

Aiming: Bolt of Light
Press: ? - help, Shift-Dir - straight line Out of range.
Okay, then.
Your orc skeleton hits the orc wizard.
The orc wizard mumbles some strange words.
The orc wizard flickers and vanishes!
Deactivating autopickup; reactivate with Ctrl-A.
The orc warrior shoots a bolt.
The bolt hits you but does no damage.
The orc warrior shoots a bolt.
The bolt hits you but does no damage. The orc wizard casts a spell at you.
You are confused.
The orc wizard casts a spell at you. The magic dart hits you.
* * * LOW HITPOINT WARNING * * *
A goblin comes into view. It is wielding a +0 club.
The orc wizard casts a spell at you.
The puff of flame hits something!
Your orc skeleton misses the orc wizard.
The orc warrior shoots a bolt.
Reactivating autopickup.
You bump into the rock wall.
The goblin shouts!
You are too confused!
You bump into the rock wall.
The endoplasm barely misses you. The endoplasm closely misses you.
You bump into the rock wall.
You feel less confused. The endoplasm freezes you.
You are frozen.
* * * LOW HITPOINT WARNING * * *
It was a potion of attraction.
You feel attractive to monsters. The endoplasm misses you.
It was a potion of degeneration.
There was something very wrong with that liquid.
You feel weakened.
You feel dopey.
You feel clumsy. The endoplasm freezes you.
You are frozen.
You die...

....)...#....#######......##..<..
...##.....................##.....
... #.....................##.....
... #.....................#......
... #.....................#......
... ####...oZo.o....#######......
.'# ##'######o#### #...... .' #.#
#..gJ...# ####### ..# #.##@#.##
#### #.##.#.## #### #.......####
#... #..#..#.....# #.#.
#......#.#######.#.
#...###.#....#....#. ##...
..####.#.####. ##.##### #.#.# #.
#...# #.


You could see an orc warrior, an orc wizard, an endoplasm and a goblin.

Vanquished Creatures
  Jessica (D:2)
  Ijyb (D:3)
  An adder (D:2)
  A white imp (D:3)
  A worm (D:3)
  A dart slug (D:1)
  An orc (D:3)
  A bat (D:3)
  6 endoplasms
  3 giant cockroaches
  10 goblins
  6 hobgoblins
  3 jackals (D:3)
  3 quokkas
  3 ball pythons
  A frilled lizard (D:2)
  6 kobolds
  5 rats (D:1)
  A spectral goblin (D:2)
55 creatures vanquished.

Vanquished Creatures (collateral kills)
  A worm (D:2)
  A giant cockroach (D:2)
  A goblin (D:1)
  A hobgoblin (D:1)
4 creatures vanquished.

Vanquished Creatures (others)
  An orc wizard (D:3)
1 creature vanquished.

Grand Total: 60 creatures vanquished

Notes
Turn   | Place    | Note
-------+----------+-------------------------------------------
     0 | D:1      | mathmaestro the Demonspawn Necromancer began the quest for
                  | the Orb.
     0 | D:1      | Reached XP level 1. HP: 13/13 MP: 3/3
   356 | D:1      | Gained mutation: You have large cloven feet. [demonic
                  | ancestry]
   356 | D:1      | Reached XP level 2. HP: 20/20 MP: 1/5
  1011 | D:1      | Reached skill level 1 in Fighting
  1158 | D:1      | Gained mutation: You regenerate magic rapidly. [demonic
                  | ancestry]
  1158 | D:1      | Reached XP level 3. HP: 26/26 MP: 1/6
  1162 | D:1      | Learned a level 3 spell: Vampiric Draining
  1344 | D:2      | Noticed Jessica
  1348 | D:2      | Killed Jessica
  1349 | D:2      | Reached skill level 1 in Armour
  1349 | D:2      | Gained mutation: You have hoof-like feet. [demonic
                  | ancestry]
  1349 | D:2      | Reached XP level 4. HP: 32/32 MP: 4/7
  2051 | D:2      | Found a faded altar of an unknown god.
  2134 | D:2      | Reached skill level 5 in Necromancy
  2155 | D:2      | Learned a level 4 spell: Animate Dead
  2184 | D:3      | Noticed Ijyb
  2192 | D:3      | Killed Ijyb
  2603 | D:3      | Reached XP level 5. HP: 28/38 MP: 2/9
  2755 | D:3      | Noticed an orc warrior
  2773 | D:3      | HP: 1/38 [frozen (4)]
  2776 | D:3      | Frozen to death by an endoplasm

Illustrated notes

Levels and vault maps discovered:
D:1:      elethiomel_arrival_fortress_basement, layout_rooms
D:2:      minmay_skewed_foursquare, layout_basic,
          dreamdust_ecumenical_altar_drowned_temple, minivault_4, uniq_jessica
D:3:      layout_basic, doesnt_xom_only_xom, nicolae_vehumet_altar_sigil,
          uniq_ijyb

Skill      XL: |  1  2  3  4 |
---------------+-------------+-----
Stealth        | 2 |  2.0
Dodging        | 2 |  2.0
Fighting       | 1 2 |  2.0
Armour         | 1 |  1.6
Necromancy     | 5 |  5.1
Spellcasting   | |  2.9

Action                   |  1- 3 |  4- 6 || total
-------------------------+-------+-------++-------
Melee: Dagger            |    17 |    29 ||    46
       Kick              |     5 |    14 ||    19
       Punch             |     1 |       ||     1
 Cast: Necrotise         |    47 |    50 ||    97
       Vampiric Draining |       |     4 ||     4
Evoke: Wand              |       |     1 ||     1
  Use: Potion            |       |     2 ||     2
 Stab: Sleeping          |       |     1 ||     1
Armor: Robe              |     2 |       ||     2
       Leather armour    |     1 |    19 ||    20
Dodge: Dodged            |    18 |    33 ||    51
